 Dungeon Crawl Stone Soup version 0.31.0-32-g396128a36d (webtiles) character file.

Game seed: 18084135835141710588

178512 Tenz the Severer (level 17, -13/102 HPs)
             Began as a Gargoyle Fighter on Mar 30, 2024.
             Was the Champion of the Shining One.
             Mangled by a rockslime (26 damage)
             ... on level 1 of the Pits of Slime.
             The game lasted 01:35:58 (21049 turns).

Tenz the Severer (Gargoyle Fighter)                Turns: 21049, Time: 01:35:58

Health: -13/102    AC: 37    Str: 19    XL:     17   Next: 65%
Magic:  7/26       EV: 18    Int: 12    God:    the Shining One [******]
Gold:   1850       SH: 18    Dex: 19    Spells: 16/16 levels left

rFire   + . .        x - +10 hand axe "Suixoipn" {heavy, rF+ rC+}
rCold   + + +        N - +5 Storm Queen's Shield {shock, Fly rElec}
rNeg    + + +        r - +4 skin of Zhor {*Englaciate rC+++ SInv}
rPois   ∞            j - +2 helmet
rElec   +            s - +1 cloak
rCorr   .            n - +0 pair of gloves
SInv    +            W - +0 pair of boots
Will    +....        O - amulet of regeneration
Stlth   +            v - ring of the Tortoise {AC+8}
HPRegen 1.17/turn    a - ring "Nuzyguec" {rC+ Dex+6 Slay+5}
MPRegen 0.20/turn

%: no passive effects
@: on berserk cooldown, flying, slowed, glowing, studying 2 skills, very slow
A: sickness immunity, AC +12, big wings, negative energy resistance 1,
electricity resistance, torment resistance 1, petrification resistance, weak 1
}: 1/15 runes: gossamer
a: Renounce Religion, Divine Shield, Cleansing Flame, Summon Divine Warrior,
Brand Weapon With Holy Wrath


You were on level 1 of the Pits of Slime.
You worshipped the Shining One.
The Shining One was exalted by your worship.
You visited 5 branches of the dungeon, and saw 27 of its levels.
You also visited: Ossuary and Gauntlet.

You collected 2396 gold pieces.
You spent 546 gold pieces at shops.

Inventory:

Hand Weapons
 w - the +10 hand axe "Killer Klown's Foe" {elec, rCorr Int+5 Stlth+}
   (You found it on level 5 of the Dungeon)

   Int+5:     It affects your intelligence (+5).
   rCorr:     It protects you from acid and corrosion.
   Stlth+:    It makes you more stealthy.
 x - the +10 hand axe "Suixoipn" (weapon) {heavy, rF+ rC+}
   (You found it on level 7 of the Dungeon)

   rF+:       It protects you from fire.
   rC+:       It protects you from cold.
 T - the +6 war axe of Brutal Revenge {holy, Str+2 Int-4 Dex+3}
   (You found it on level 1 of the Lair of Beasts)

   Str+2:     It affects your strength (+2).
   Int-4:     It affects your intelligence (-4).
   Dex+3:     It affects your dexterity (+3).
Armour
 j - a +2 helmet (worn)
 n - a +0 pair of gloves (worn)
 r - the +4 skin of Zhor (worn) {*Englaciate rC+++ SInv}
   (You found it on level 9 of the Dungeon)

   *Englaciate: It radiates cold, occasionally slowing all nearby creatures who
   are not resistant to cold.
   rC+++:     It renders you almost immune to cold.
   SInv:      It lets you see invisible.
 s - a +1 cloak (worn)
 N - the +5 Storm Queen's Shield (worn) {shock, Fly rElec}
   (You bought it in a shop on level 7 of the Dungeon)

   Shock:     When it blocks an attack, it may electrocute the attacker.
   This works even against foes who are a short distance away.
   rElec:     It insulates you from electricity.
   Fly:       It grants you flight.
 W - a +0 pair of boots (worn)
Jewellery
 a - the ring "Nuzyguec" (right hand) {rC+ Dex+6 Slay+5}
   (You acquired it on level 1 of the Lair of Beasts)

   [ring of dexterity]

   Dex+6:     It affects your dexterity (+6).
   Slay+5:    It affects your accuracy & damage with ranged weapons and melee
   (+5).
   rC+:       It protects you from cold.
 v - the ring of the Tortoise (left hand) {AC+8}
   (You found it on level 5 of the Lair of Beasts)

   [ring of protection]

   AC+8:      It affects your AC (+8).
 O - an amulet of regeneration (around neck)
Wands
 u - a wand of roots (8)
 y - a wand of paralysis (22)
 z - a wand of flame (83)
 M - a wand of digging (9)
 U - a wand of mindburst (6)
Scrolls
 b - 3 scrolls of enchant weapon
 c - 5 scrolls of blinking
 e - 4 scrolls of identify
 f - 8 scrolls of teleportation
 g - 2 scrolls of amnesia
 i - a scroll of brand weapon
 o - 3 scrolls of fog
 B - 5 scrolls of poison
 H - 2 scrolls of summoning
 V - 2 scrolls of fear
Potions
 d - 6 potions of might
 h - 2 potions of lignification
 l - 13 potions of curing
 m - 3 potions of attraction
 p - 7 potions of brilliance
 q - 4 potions of resistance
 t - 3 potions of magic
 A - 3 potions of heal wounds
 D - 3 potions of cancellation
 E - 4 potions of haste
 G - 3 potions of mutation
 R - 3 potions of enlightenment
 X - 6 potions of ambrosia
Miscellaneous
 k - a lightning rod (3/4)
 C - a condenser vane (inert)
 K - a phial of floods


   Skills:
 - Level 10.0 Fighting
 - Level 5.0 Long Blades
 + Level 15.6 Axes
 - Level 12.0 Armour
 - Level 10.0 Dodging
 - Level 12.0 Shields
 - Level 12.0 Invocations
 - Level 12.0 Evocations


You had 16 spell levels left.
You didn't know any spells.
Your spell library contained the following spells:

 Spells                   Type           Power      Damage    Failure   Level
 Apportation              Tloc           0%         N/A       52%         1
 Freeze                   Ice            0%         1d3       52%         1
 Necrotise                Necr           0%         1d4       52%         1
 Shock                    Conj/Air       0%         1d3       52%         1
 Sting                    Conj/Alch      0%         1d3       52%         1
 Summon Small Mammal      Summ           0%         N/A       52%         1
 Ensorcelled Hibernation  Hex/Ice        0%         N/A       65%         2
 Mercury Vapours          Alch/Air       0%         N/A       65%         2
 Scorch                   Fire           0%         2d5       65%         2
 Static Discharge         Conj/Air       0%         3-3/arc   65%         2
 Call Canine Familiar     Summ           0%         N/A       87%         3
 Dazzling Flash           Conj/Hex       0%         N/A       87%         3
 Frozen Ramparts          Ice            0%         1d1       87%         3
 Fugue of the Fallen      Necr           0%         N/A       87%         3
 Hailstorm                Conj/Ice       0%         3d5       87%         3
 Ozocubu's Armour         Ice            0%         N/A       87%         3
 Sigil of Binding         Hex            0%         N/A       87%         3
 Swiftness                Air            0%         N/A       87%         3
 Volatile Blastmotes      Fire/Tloc      0%         2d10      87%         3
 Airstrike                Air            0%         2d(0-16)  99%         4
 Anguish                  Hex/Necr       0%         N/A       99%         4
 Cause Fear               Hex            0%         N/A       99%         4
 Dimensional Bullseye     Hex/Tloc       0%         N/A       99%         4
 Flame Wave               Conj/Fire      0%         2d4       99%         4
 Olgreb's Toxic Radiance  Alch           0%         N/A       99%         4
 Summon Blazeheart Golem  Fire/Summ      0%         N/A       99%         4
 Summon Lightning Spire   Summ/Air       0%         N/A       99%         4
 Alistair's Intoxication  Alch           0%         N/A       100%        5
 Borgnjor's Vile Clutch   Necr/Erth      0%         N/A       100%        5
 Curse of Agony           Necr           0%         N/A       100%        5
 Irradiate                Conj/Alch      0%         3d11      100%        5
 Metabolic Englaciation   Hex/Ice        0%         N/A       100%        5
 Yara's Violent Unravell  Hex/Alch       0%         3d3       100%        5
 Eringya's Noxious Bog    Alch           0%         4d6       100%        6
 Sculpt Simulacrum        Ice/Alch       0%         N/A       100%        6
 Starburst                Conj/Fire      0%         6d3       100%        6
 Summon Cactus Giant      Summ           0%         N/A       100%        6
 Enfeeble                 Hex            0%         N/A       100%        7
 Maxwell's Capacitive Co  Air            0%         ∞         100%        8


Dungeon Overview and Level Annotations

Branches:
Dungeon (15/15)            Temple (0/1) D:5            Lair (5/5) D:8
 Shoals (0/4) Lair:3       Spider (4/4) Lair:2        Slime (1/5) Lair:4
    Orc (2/2) D:10            Elf (0/3) Orc:2        Vaults (0/5) D:14
 Depths (0/4) D:15        Ossuary (visited)         Gauntlet (visited)

Altars:
Ashenzari
Dithmenos
Qazlal
Sif Muna
Vehumet
The Shining One

Shops:
D:7 [   D:10 (   Orc:2 [=*(

Annotations:
D:9 exclusion: statue


Innate Abilities, Weirdness & Mutations

You are immune to sickness and miasma.
Your stone body is resilient. (AC +12)
You are immune to poison.
Your large and strong wings let you fly.
You resist negative energy. (rN+)
You are resistant to electric shocks. (rElec)
You are resistant to unholy torment.
You are immune to petrification.
You are weak. (Str -2)


Message History

The large slime creature is almost dead.
You slash the very large slime creature!
You hit the large slime creature. You slash the slime creature! x2
The slime creature hits you but does no damage.
The very large slime creature closely misses you.
The large slime creature hits you!
* * * LOW HITPOINT WARNING * * *
You open the large slime creature like a pillowcase!!!
You kill the large slime creature!
You slice the large slime creature!! You slice the slime creature!!
You kill the slime creature!
You slash the slime creature!
You kill the slime creature!
You slice the very large slime creature!!
The large slime creature hits you!!
* * * LOW HITPOINT WARNING * * *
A very large slime creature splits.
You slash the large slime creature!
The large slime creature is severely wounded.
You slash the slime creature! You slash the large slime creature!
A large slime creature splits.
You slice the slime creature!!
You kill the slime creature!
You hit the slime creature. You slice the slime creature!!
You kill the slime creature!
You slice the large slime creature!!
You kill the large slime creature!
A rockslime comes into view.
You slash the slime creature!
You kill the slime creature!
Acid dripping from the walls corrodes you.
You feel a strong urge to attack something.
You're too confused to move!
You are no longer berserk.
You are exhausted.
You feel yourself slow down.
You radiate an aura of cold.
The rockslime resists.
You feel less confused. The rockslime hits you!!
You die...

.............
.......#..#.#
.............
............
..>........##
.........#..##
.....##......##
..............#
.......J@....##
.......<.....#
............##
...........##
.........###
..........#
............
............#
............#


You could see a rockslime.

Vanquished Creatures
  Mara (Spider:3)
  Arachne (Spider:2)
  Asterion (Spider:3)
  4 emperor scorpions
  5 ghost moths
  An orc warlord (Orc:2)
  A quicksilver ooze (Slime:1)
  An ironbound thunderhulk (D:14)
  6 broodmothers (Spider:4)
  3 spark wasps
  A dire elephant (Lair:5)
  A minotaur (Gauntlet)
  Snorg (D:12)
  The ghost of unihiutale the Covert, a journeyman OpDe of Uskayaw (Lair:5)
  A fire dragon (D:14)
  A green death (Gauntlet)
  2 entropy weavers
  2 catoblepae (Lair:5)
  2 jorogumos
  6 hydras
  5 boulder beetles
  5 centaur warriors
  A radroach (Spider:3)
  5 death yaks (Lair:5)
  6 two-headed ogres
  A deep troll earth mage (D:15)
  A tengu warrior (D:11)
  9 demonic crawlers
  A deep troll shaman (Lair:5)
  3 orc high priests (Orc:2)
  Urug (Lair:3)
  4 skeletal warriors (D:15)
  9 pharaoh ants
  A sun moth (Spider:4)
  13 orb spiders
  2 orc knights (Orc:2)
  A shining eye (Slime:1)
  2 steelbarb worms
  3 deep elf pyromancers
  2 lindwurms (Lair:3)
  19 wolf spiders
  13 ugly things
  6 manticores
  2 orc sorcerers
  4 cyclopes
  3 meliai (Spider:4)
  A cyclops (shapeshifter) (Spider:2)
  8 elephants
  5 moths of wrath
  Joseph (D:8)
  4 torpor snails
  4 black mambas
  A gargoyle (D:11)
  An orange demon (Gauntlet)
  4 kobold blastminers (Orc:2)
  10 cane toads
  A kobold demonologist (D:12)
  2 unseen horrors
  7 komodo dragons
  Jeremiah (D:7)
  7 rime drakes
  9 trolls
  3 merfolk (Lair:3)
  Grinder (D:4)
  A polar bear (Lair:5)
  A hornet (D:9)
  Prince Ribbit (D:7)
  4 dream sheep (Lair:3)
  13 tarantellas
  22 blink frogs
  12 slime creatures
  15 culicivoras
  20 jumping spiders
  3 shadows
  50 yaks
  A centaur simulacrum (D:15)
  4 wraiths
  A vampire (D:10)
  4 wyverns
  2 wargs
  5 golden eyes (Slime:1)
  2 basilisks
  3 vampire mosquitoes (D:13)
  2 death yak simulacra (Lair:5)
  3 humans (D:14)
  33 redbacks
  8 water moccasins
  A hydra simulacrum (Lair:5)
  2 acid dragons (D:11)
  19 orc warriors
  2 sky beasts
  A black mamba simulacrum (Lair:5)
  4 ogres
  4 black bears
  An ice beast (D:6)
  3 laughing skulls (Gauntlet)
  13 wolves
  12 centaurs
  3 kobold brigands
  A weeping skull (Gauntlet)
  12 bullfrogs
  2 gnoll sergeants
  5 scorpions
  A dream sheep simulacrum (Lair:5)
  A lindwurm simulacrum (Lair:5)
  21 killer bees
  10 howler monkeys
  3 electric eels
  A bullfrog zombie (Ossuary)
  Crazy Yiuf (D:3)
  3 bombardier beetles
  6 hounds
  3 jellies
  An orc priest (D:7)
  A gnoll bouda (Lair:4)
  2 iguanas
  5 mummies (Ossuary)
  Ijyb (D:3)
  Terence (D:2)
  13 orc wizards
  2 hell rats (Lair:5)
  3 crocodile zombies (Ossuary)
  A killer bee zombie (Ossuary)
  3 hound zombies (Ossuary)
  4 howler monkey zombies (Ossuary)
  10 gnolls
  3 adders
  9 river rats (Lair:5)
  2 shadow imps (D:6)
  4 white imps
  2 ufetubi (D:5)
  A ribbon worm (D:3)
  5 dart slugs
  38 orcs
  3 bats
  6 endoplasms
  3 giant cockroaches
  4 hobgoblins
  12 jackals
  24 kobolds
  5 quokkas
  3 training dummies (D:10)
  7 ball pythons
  7 ball python zombies (Ossuary)
  5 frilled lizards
  5 goblins
  7 rats
  A spectral goblin (D:2)
  A spectral weapon (Spider:3)
783 creatures vanquished.

Vanquished Creatures (collateral kills)
  The ghost of Liuraseu the Severer, a journeyman MiBe of Trog (D:14)
  The ghost of diceflayer the Executioner, a journeyman MiFi of Okawaru (D:14)
  An orc knight (Orc:2)
  An orc priest (Orc:2)
  An orc (Orc:2)
5 creatures vanquished.

Vanquished Creatures (others)
  A radroach (Spider:4)
  An orb spider (Spider:4)
  A jumping spider (Spider:4)
3 creatures vanquished.

Grand Total: 791 creatures vanquished

Notes
Turn   | Place    | Note
-------+----------+-------------------------------------------
     0 | D:1      | Tenz the Gargoyle Fighter began the quest for the Orb.
     0 | D:1      | Reached XP level 1. HP: 14/14 MP: 1/1
    62 | D:1      | Reached XP level 2. HP: 17/20 MP: 2/2
   460 | D:1      | Reached XP level 3. HP: 24/24 MP: 3/3
   818 | D:2      | Found a faded altar of an unknown god.
   829 | D:2      | Prayed at the altar of an unknown god.
   829 | D:2      | Became a worshipper of the Shining One
   829 | D:2      | Reached * piety under the Shining One
  1186 | D:2      | Noticed Terence
  1193 | D:2      | Killed Terence
  1194 | D:2      | Reached skill level 5 in Fighting
  1194 | D:2      | Reached XP level 4. HP: 31/31 MP: 4/4
  1235 | D:2      | Identified the +8 trident "Anwab" {drain, Fly rC+}
  1772 | D:3      | Reached XP level 5. HP: 10/35 MP: 5/5
  1957 | D:3      | Found a runed translucent door.
  1957 | D:3      | Noticed Ijyb
  1957 | D:3      | Noticed Crazy Yiuf
  2489 | D:4      | Reached XP level 6. HP: 29/40 MP: 6/6
  2577 | D:4      | Reached skill level 5 in Long Blades
  2738 | D:4      | Noticed Grinder
  2755 | D:4      | Paralysed by Grinder for 5 turns
  2760 | D:4      | Killed Grinder
  2761 | D:4      | Reached skill level 1 in Dodging
  2761 | D:4      | Reached XP level 7. HP: 21/44 MP: 7/7
  2869 | D:4      | Reached ** piety under the Shining One
  3105 | D:5      | Entered Level 5 of the Dungeon
  3164 | D:5      | Reached skill level 5 in Armour
  3221 | D:5      | Identified the +10 hand axe "Killer Klown's Foe" {elec,
                  | rCorr Int+5 Stlth+}
  3287 | D:5      | Found a staircase to the Ecumenical Temple.
  3362 | D:5      | Identified the +3 arbalest of Temperance {heavy, ^Fragile
                  | rElec rF+ rC+++ SInv}
  3646 | D:3      | Killed Crazy Yiuf
  3646 | D:3      | Paralysed by Ijyb for 4 turns
  3657 | D:3      | Killed Ijyb
  3758 | D:6      | Reached skill level 5 in Shields
  3758 | D:6      | Reached XP level 8. HP: 49/49 MP: 8/8
  3823 | D:6      | Reached skill level 1 in Axes
  3862 | D:6      | Reached skill level 2 in Axes
  3932 | D:6      | Reached skill level 3 in Axes
  4012 | D:6      | Reached skill level 4 in Axes
  4051 | D:6      | Reached skill level 5 in Axes
  4569 | D:7      | Found Kuitheze's Armour Shop.
  4606 | D:7      | Reached skill level 6 in Axes
  4606 | D:7      | Reached XP level 9. HP: 37/54 MP: 9/9
  4692 | D:7      | Noticed Prince Ribbit
  4718 | D:7      | Killed Prince Ribbit
  4719 | D:7      | Reached skill level 7 in Axes
  4751 | D:7      | Found a sand-covered staircase.
  4760 | Ossuary  | Entered an ossuary
  4775 | Ossuary  | Reached *** piety under the Shining One
  4881 | Ossuary  | Reached **** piety under the Shining One
  5103 | D:7      | Found a stormy altar of Qazlal.
  5109 | D:7      | Reached skill level 8 in Axes
  5164 | D:7      | Noticed Jeremiah
  5174 | D:7      | Killed Jeremiah
  5442 | D:7      | Identified the +10 hand axe "Suixoipn" {heavy, rF+ rC+}
  5557 | D:8      | Noticed a two-headed ogre
  5563 | D:8      | Killed a two-headed ogre
  5564 | D:8      | Reached XP level 10. HP: 20/64 MP: 10/10
  5743 | D:8      | Reached skill level 9 in Axes
  5746 | D:8      | Found a staircase to the Lair.
  5937 | D:8      | Reached ***** piety under the Shining One
  5942 | D:8      | Reached skill level 10 in Axes
  6325 | D:8      | Noticed Joseph
  6332 | D:8      | Killed Joseph
  6712 | D:9      | Found the +4 skin of Zhor {*Englaciate rC+++ SInv}
  6723 | D:9      | Noticed a two-headed ogre
  6748 | D:9      | Killed a two-headed ogre
  6819 | D:9      | Reached XP level 11. HP: 55/68 MP: 11/11
  7165 | D:9      | Noticed a two-headed ogre
  7174 | D:9      | Killed a two-headed ogre
  7237 | D:9      | Found a radiant altar of Vehumet.
  7430 | D:10     | Entered Level 10 of the Dungeon
  7576 | D:10     | Reached skill level 5 in Dodging
  7617 | D:10     | Found a staircase to the Orcish Mines.
  7631 | D:10     | Reached skill level 1 in Invocations
  7684 | D:10     | Noticed a two-headed ogre
  7688 | D:10     | Killed a two-headed ogre
  7715 | D:10     | Found Lamas's Firing Range.
  7972 | D:10     | Found a shadowy altar of Dithmenos.
  8460 | D:11     | Noticed a tengu warrior
  8461 | D:11     | Noticed a two-headed ogre
  8471 | D:11     | HP: 2/69 [tengu warrior/+0 war axe (7)]
  8485 | D:11     | Killed a two-headed ogre
  8486 | D:11     | Reached skill level 5 in Invocations
  8489 | D:11     | Killed a tengu warrior
  8760 | D:11     | Noticed a two-headed ogre
  8763 | D:11     | Noticed a manticore
  8774 | D:11     | Killed a two-headed ogre
  8775 | D:11     | Reached XP level 12. HP: 76/76 MP: 13/16
  8849 | D:11     | Reached skill level 10 in Fighting
  9186 | D:7      | Bought the +5 Storm Queen's Shield {shock, Fly rElec} for
                  | 501 gold pieces
  9186 | D:7      | Found the +5 Storm Queen's Shield {shock, Fly rElec}
  9732 | D:12     | Noticed Snorg
  9745 | D:12     | Killed Snorg
  9746 | D:12     | Reached skill level 11 in Axes
 10227 | D:12     | Noticed a centaur warrior
 10234 | D:12     | Killed a centaur warrior
 10424 | D:13     | Noticed a centaur warrior
 10428 | D:13     | Killed a centaur warrior
 10429 | D:13     | Reached skill level 12 in Axes
 10505 | D:13     | Found a broken altar of Ashenzari.
 10634 | D:13     | Noticed a five-headed hydra
 10643 | D:13     | Killed a seven-headed hydra
 10824 | D:13     | Reached XP level 13. HP: 82/82 MP: 19/19
 10988 | D:14     | Reached skill level 13 in Axes
 11155 | D:14     | Noticed an ironbound thunderhulk
 11174 | D:14     | Killed an ironbound thunderhulk
 11206 | D:14     | Found a gate to the Vaults.
 11268 | D:14     | Reached skill level 14 in Axes
 11319 | D:14     | Noticed a fire dragon
 11328 | D:14     | Killed a fire dragon
 11504 | D:14     | Found a runed translucent gate.
 11506 | D:14     | Found a runed translucent gate.
 11507 | D:14     | Found a runed translucent gate.
 11671 | D:14     | Found a shimmering blue altar of Sif Muna.
 11722 | D:14     | Noticed diceflayer's ghost (journeyman MiFi)
 11724 | D:14     | Noticed Liuraseu's ghost (journeyman MiBe)
 11743 | D:14     | Killed diceflayer's ghost
 11747 | D:14     | Killed Liuraseu's ghost
 11748 | D:14     | Reached skill level 15 in Axes
 11919 | D:15     | Entered Level 15 of the Dungeon
 11931 | D:15     | Found a staircase to the Depths.
 11981 | D:15     | Gained mutation: Your large and strong wings let you fly.
                  | [Gargoyle growth]
 11981 | D:15     | Reached XP level 14. HP: 58/88 MP: 20/20
 12118 | D:15     | Found a gate leading to a gauntlet.
 12127 | Gauntlet | Entered a Gauntlet
 12127 | Gauntlet | Found a transporter.
 12127 | Gauntlet | Found a transporter.
 12138 | Gauntlet | Found a transporter.
 12144 | Gauntlet | Found a transporter.
 12216 | Gauntlet | Found a transporter.
 12240 | Gauntlet | Identified the +3 scale mail "Xyaphe" {rPois}
 12259 | Gauntlet | Found a transporter.
 12323 | Gauntlet | Got Mysticism, Part Five
 12742 | D:15     | Reached skill level 10 in Shields
 13146 | Lair:1   | Entered Level 1 of the Lair of Beasts
 13163 | Lair:1   | Identified the +6 war axe of Brutal Revenge {holy, Str+2
                  | Int-4 Dex+3}
 13661 | Lair:1   | Identified a scroll of acquirement
 13664 | Lair:1   | Acquired the ring "Nuzyguec" {rC+ Dex+6 Slay+5}
 13846 | Lair:2   | Reached ****** piety under the Shining One
 13868 | Lair:2   | Found a hole to the Spider Nest.
 14395 | Lair:3   | Noticed Urug
 14403 | Lair:3   | Killed Urug
 14980 | Lair:3   | Found a staircase to the Shoals.
 15141 | Lair:4   | Reached XP level 15. HP: 89/92 MP: 18/21
 15353 | Lair:4   | Identified the +1 leather armour of Xoko {rC+++ Str-4
                  | Dex+3}
 15654 | Lair:4   | Found a staircase to the Slime Pits.
 15809 | Lair:5   | Entered Level 5 of the Lair of Beasts
 15824 | Lair:5   | Reached skill level 10 in Dodging
 15924 | Lair:5   | Found a runed translucent gate.
 15924 | Lair:5   | Found a runed translucent gate.
 15926 | Lair:5   | Found a runed translucent gate.
 16034 | Lair:5   | Reached skill level 10 in Armour
 16712 | Lair:5   | Got an earthy gem with 193 turns to spare
 16798 | Lair:5   | Noticed unihiutale's ghost (journeyman OpDe)
 16799 | Lair:5   | Found the ring of the Tortoise {AC+8}
 16859 | Lair:5   | Killed unihiutale's ghost
 16884 | Lair:5   | Got the ring of the Little Devil {Fire rElec rN+++ Str-3
                  | Int-4}
 16985 | Spider:1 | Entered Level 1 of the Spider Nest
 17020 | Spider:1 | Identified the +5 plate armour of Elyvilon's Regard {rN+++
                  | Str+3 Dex-5}
 17060 | Spider:1 | Reached skill level 1 in Evocations
 17070 | Spider:1 | Noticed an emperor scorpion
 17083 | Spider:1 | Killed an emperor scorpion
 17292 | Spider:1 | Noticed an emperor scorpion
 17303 | Spider:1 | Killed an emperor scorpion
 17536 | Spider:2 | Reached XP level 16. HP: 68/97 MP: 23/23
 17565 | Spider:2 | Noticed Arachne
 17596 | Spider:2 | Killed Arachne
 17655 | Spider:2 | Reached skill level 10 in Invocations
 17819 | Spider:2 | Reached skill level 5 in Evocations
 18161 | Spider:3 | Noticed Asterion
 18182 | Spider:3 | Killed Asterion
 18227 | Spider:3 | Gained mutation: You are weak. (Str -2) [mutagenic glow]
 18448 | Spider:3 | Noticed Mara
 18459 | Spider:3 | Noticed Tenz's illusion
 18490 | Spider:3 | Killed Mara
 18741 | Spider:4 | Entered Level 4 of the Spider Nest
 18911 | Spider:4 | Reached XP level 17. HP: 102/102 MP: 0/26
 19060 | Spider:4 | Reached skill level 10 in Evocations
 19483 | Spider:4 | Identified the +0 pair of gloves "Furoniyd" {rC- rN++ Dex+3
                  | Stlth+}
 19486 | Spider:4 | Got a gossamer rune of Zot
 20126 | Orc:1    | Entered Level 1 of the Orcish Mines
 20229 | Orc:2    | Entered Level 2 of the Orcish Mines
 20281 | Orc:2    | Found Rogothrao's Antique Weapon Emporium.
 20393 | Orc:2    | Found Yggi's General Store.
 20421 | Orc:2    | Bought a scroll of teleportation for 45 gold pieces
 20484 | Orc:2    | Found Juweu's Antique Armour Shop.
 20636 | Orc:2    | Found a staircase to the Elven Halls.
 20658 | Orc:2    | Found Fek Zuoq's Jewellery Emporium.
 21001 | Slime:1  | Entered Level 1 of the Pits of Slime
 21035 | Slime:1  | HP: 1/102 [titanic slime creature (54)]
 21049 | Slime:1  | Mangled by a rockslime

Illustrated notes

Levels and vault maps discovered:
D:1:      ncdulo_smallfort, layout_basic, ebering_dispersal_statue_hall,
          minmay_pentomino_p2
D:2:      layout_loops_corners, dreamdust_ecumenical_altar_drowned_temple,
          uniq_terence
D:3:      layout_rooms, uniq_crazy_yiuf_cottage, uniq_ijyb
D:4:      layout_basic, serial_park_tiny_1, uniq_grinder
D:5:      layout_basic, minmay_temple_entry_large_hall
D:6:      layout_loops_ring
D:7:      layout_basic, mainiacjoe_overflow_alcove_4, serial_shops, shop,
          mainiacjoe_ossuary_entry_dusty_tomb, chequers_serial_rivers_small_b,
          uniq_jeremiah, uniq_prince_ribbit1
D:8:      layout_basic, grunt_lair_entry_orc_guard_hut,
          kennysheep_generic_room_10, uniq_joseph
D:9:      layout_basic, vehumet_statue, hellmonk_guarded_unrand_zhor
D:10:     layout_loops_ring, mainiacjoe_overflow_catwalk,
          minmay_orc_entry_guard_dogs, nicolae_shop_firing_range
D:11:     layout_roguey, st_stairs_14, nicolae_lava_and_water,
          minmay_joined_circles
D:12:     layout_gridville, uniq_snorg
D:13:     layout_basic, serial_glass, glass_columns_c, glass_columns_b,
          ashenzari_altar_1
D:14:     layout_cave_pools, hellmonk_vaults_keyhole, lemuel_blue_sif_altar,
          serial_rivers, chequers_serial_rivers_large_a,
          chequers_serial_rivers_small_a, chequers_serial_rivers_micro_a,
          chequers_serial_rivers_micro_e, chequers_serial_rivers_micro_d,
          chequers_serial_rivers_room_a, gammafunk_ghost_cemetery
D:15:     hellmonk_depths_entry_around_the_bend, layout_basic,
          gauntlet_entry_generic
Lair:1:   layout_loops_ring
Lair:2:   layout_roguey, nicolae_spider_entry_lesser_pyramids,
          lemuel_another_geyser
Lair:3:   layout_gridlike, mainiacjoe_shoals_entry_four_pools, uniq_urug
Lair:4:   layout_roguey, slime_entry_1, dreamdust_gnoll_shepherd,
          grunt_megastairs_4, serial_bayou_shore_a, lemuel_fruit_tree
Lair:5:   grunt_lair_end_beastmaster, layout_small_grid, gammafunk_ghost_icy,
          st_stairs_4, kennysheep_rathole
Spider:1: layout_spider_delve
Spider:2: layout_spider_delve, hellmonk_deceptive_appearances, uniq_arachne
Spider:3: layout_spider_delve, nicolae_spider_orb_run, uniq_asterion, uniq_mara
Spider:4: hellmonk_spider_rune_endless_swarm, drop_trap,
          nicolae_spider_stair_cavern
Slime:1:  layout_caves
Orc:1:    layout_caves
Orc:2:    grunt_orc_gardens, layout_caves, grunt_orc_garden, grunt_orc_garden,
          grunt_orc_garden, grunt_orc_garden

Skill      XL: |  1  2  3  4  5  6  7  8  9 10 11 12 13 14 15 16 17 |
---------------+----------------------------------------------------+-----
Fighting       | 4 5 8 9 10 | 10.0
Long Blades    | 2 3 4 5 |  5.0
Armour         | 4 5 6 8 12 | 12.0
Dodging        | 1 3 5 9 10 | 10.0
Shields        | 5 6 8 12 | 12.0
Axes           | 6 8 10 12 15 | 15.6
Invocations    | 6 8 9 12 | 12.0
Evocations     | 3 9 12 | 12.0

Action                     |  1- 3 |  4- 6 |  7- 9 | 10-12 | 13-15 | 16-18 || total
---------------------------+-------+-------+-------+-------+-------+-------++-------
  Melee: Long sword        |   132 |   132 |    51 |       |       |       ||   315
         Hand axe          |       |       |   193 |   316 |   687 |   529 ||  1725
         Unarmed           |       |       |     9 |       |       |       ||     9
  Throw: Javelin           |       |       |       |       |     6 |       ||     6
 Invoke: Divine Shield     |       |       |       |     3 |     4 |     3 ||    10
         Summon Divine War |       |       |       |       |     1 |     2 ||     3
         Cleansing Flame   |       |       |       |       |     1 |     5 ||     6
  Evoke: Lightning rod     |       |       |       |       |       |     7 ||     7
         Phial of floods   |       |       |       |       |       |     2 ||     2
         Condenser vane    |       |       |       |       |       |     1 ||     1
    Use: Scroll            |       |       |    17 |     4 |     9 |     1 ||    31
         Potion            |       |       |     1 |     2 |     3 |     3 ||     9
 Armour: Scale mail        |   105 |   114 |   136 |    71 |       |       ||   426
         Skin              |       |       |     1 |       |     5 |       ||     6
         Animal skin       |       |       |       |   143 |   339 |   327 ||   809
  Dodge: Dodged            |    81 |    83 |    97 |   166 |   241 |   312 ||   980
  Block: Buckler           |    33 |    27 |   118 |   154 |       |       ||   332
         Other             |       |       |     2 |       |       |       ||     2
         Reflection        |       |       |     8 |    10 |       |       ||    18
         Kite shield       |       |       |       |    72 |   560 |   584 ||  1216
